Map: [ESL] Hard Lead

Players

Geralt (Gerald)

  • Race: Protoss Protoss
  • League: Grandmaster
  • Spawn Location: 11:00

Scarlett - Winner!

  • Race: Zerg Zerg
  • Spawn Location: 5:00

Event: IEM Katowice 2024

VOD

Have the link to the VOD?

Description

Time

  • Played on: Dec. 7, 2023, 2:36 p.m.
  • Length: 14:07

All games in this series

Show
View Real Time Build Order
Export as new Build Order

Geralt Protoss 

Build Orders: 1 Gate Expand, Oracle Opening 

Get SALT Encoding   

  12  0:00  Probe  
  13  0:13  Probe  
  14  0:20  Pylon  
  14  0:25  Probe  
  15  0:38  Probe (Chrono Boost)  
  15  0:41  Gateway  
  16  0:48  Probe (Chrono Boost)  
  17  0:51  Assimilator  
  17  0:52  Probe (Chrono Boost)  
  19  1:04  Probe  
  19  1:16  Probe  
  20  1:26  Nexus  
  20  1:30  Probe  
  21  1:39  Cybernetics Core  
  21  1:44  Probe  
  22  1:48  Assimilator  
  22  1:54  Pylon  
  22  2:00  Probe  
  23  2:12  Adept (Chrono Boost), Probe  
  26  2:24  Probe  
  26  2:25  Stargate  
  27  2:35  Adept (Chrono Boost)  
  29  2:40  Probe  
  29  2:42  Warp Gate  
  30  2:44  Pylon  
  30  2:47  Pylon  
  30  2:48  Probe  
  30  2:52  Probe  
  30  2:54  Adept (Chrono Boost)  
  33  3:01  Probe  
  33  3:04  Probe  
  35  3:13  Probe  
  35  3:15  Oracle (Chrono Boost)  
  35  3:19  Probe  
  40  3:20  Pylon  
  40  3:37  Probe  
  40  3:38  Probe  
  40  3:42  Gateway, Oracle (Chrono Boost)  
  40  3:44  Adept  
  45  3:49  Probe  
  45  3:50  Probe  
  47  4:01  Probe  
  47  4:02  Probe  
  49  4:04  Pylon  
  49  4:13  Probe  
  49  4:14  Probe  
  49  4:19  Nexus  
  49  4:21  Pylon  
  49  4:24  Gateway  
  49  4:25  Gateway, Probe  
  49  4:27  Probe  
  51  4:32  Stalker  
  51  4:34  Pylon  
  53  4:40  Probe  
  53  4:42  Adept  
  53  4:43  Assimilator  
  53  4:44  Probe  
  57  4:52  Probe  
  58  4:55  Twilight Council  
  58  4:56  Probe  
  58  4:58  Shield Battery  
  59  5:02  Adept  
  59  5:04  Probe  
  62  5:08  Probe  
  63  5:16  Probe  
  63  5:19  Stalker x2  
  63  5:20  Probe  
  69  5:28  Probe  
  69  5:32  Probe  
  71  5:40  Stalker x2, Probe x2  
  69  5:43  Blink (Chrono Boost)  
  69  5:44  Probe  
  69  5:45  Pylon  
  69  5:49  Probe x2  
  70  5:51  Adept x2  
  70  5:52  Probe  
  70  5:55  Forge  
  77  5:57  Probe x2  
  77  6:00  Probe  
  79  6:06  Probe  
  79  6:07  Probe  
  79  6:09  Stalker x2  
  79  6:10  Gateway  
  79  6:11  Gateway, Probe  
  86  6:14  Pylon  
  87  6:18  Probe  
  87  6:19  Assimilator  
  87  6:20  Protoss Ground Weapons Level 1  
  87  6:24  Stalker  
  87  6:25  Stalker  
  92  6:27  Pylon  
  92  6:33  Gateway  
  92  6:34  Gateway  
  92  6:37  Probe x2  
  94  6:43  Pylon  
  94  6:51  Probe  
  95  6:55  Nexus  
  95  6:57  Shield Battery  
  95  7:04  Probe  
  95  7:05  Stalker x4  
  102  7:11  Gateway  
  102  7:14  Gateway  
  102  7:15  Pylon  
  102  7:27  Stalker x2, Probe  
  107  7:30  Stalker x5  
  107  7:31  Charge (Chrono Boost)  
  107  7:34  Probe  
  107  7:36  Stalker  
  107  7:37  Probe  
  119  7:42  Probe  
  120  7:44  Photon Cannon  
  120  7:46  Probe  
  120  7:49  Pylon  
  121  7:53  Probe  
  121  7:54  Zealot x5  
  132  8:00  Pylon  
  132  8:01  Pylon  
  122  8:13  Zealot x5  
  122  8:16  Zealot x2  
  122  8:17  Zealot x3  
  122  8:19  Protoss Ground Weapons Level 2 (Chrono Boost)  
  142  8:23  Probe  
  143  8:27  Probe  
  143  8:28  Templar Archives  
  143  8:30  Assimilator, Pylon  
  143  8:33  Probe  
  145  8:34  Stalker x2  
  145  8:36  Pylon  
  149  8:55  Zealot x8  
  131  9:00  Zealot x2  
  131  9:01  Nexus  
  149  9:03  Pylon  
  149  9:20  Zealot x6  
  149  9:21  Zealot x4  
  147  9:32  Probe  
  147  9:33  Probe  
  147  9:35  Robotics Facility  
  147  9:37  Robotics Facility  
  145  9:49  Zealot x10  
  121  10:10  Stalker x9  
  121  10:11  Stalker  
  121  10:12  Probe  
  126  10:15  Photon Cannon  
  126  10:17  Shield Battery  
  126  10:18  Probe  
  117  10:30  Oracle (Chrono Boost)  
  118  10:37  Zealot x10  
  134  11:00  Oracle (Chrono Boost)  
  133  11:05  Zealot x9  
  135  11:19  Immortal x2  
  135  11:24  Probe  
  142  11:27  Probe  
  137  11:35  Nexus, High Templar x7  
  139  11:43  Archon x2  
  139  11:44  Archon  
  139  11:46  Pylon  
  135  11:47  Shield Battery  
  133  11:59  Observer (Chrono Boost)  
  133  12:00  Immortal (Chrono Boost)  
  132  12:02  Zealot  
  138  12:13  Nexus, Zealot x2  
  138  12:14  Zealot x5, Immortal (Chrono Boost)  
  156  12:23  Photon Cannon  
  156  12:24  Gateway  
  156  12:25  Gateway, Pylon  
  156  12:27  Shield Battery  
  156  12:29  Zealot  
  154  12:32  Immortal  
  158  12:37  Zealot x7  
  148  12:49  Immortal  
  146  12:53  Zealot  
  145  13:01  Zealot x7  
  145  13:04  Assimilator x2  
  155  13:08  Assimilator  
  155  13:11  Immortal  
  159  13:14  Nexus  
  159  13:16  Adept  
  161  13:20  Zealot  
  161  13:21  Zealot x2  
  161  13:23  High Templar  
  161  13:24  Zealot x5  
  161  13:26  Pylon  
  161  13:34  Gateway  
  161  13:38  Assimilator  
  161  13:40  Zealot  
  155  13:49  Zealot x5  
  155  13:52  Zealot x2  
  119  14:00  Zealot x2  
Show
View Real Time Build Order
Export as new Build Order

Scarlett Zerg - Winner!

Build Orders: Hatch First, Lurkers 

Get SALT Encoding   

  12  0:00  Drone  
  13  0:12  Overlord  
  13  0:17  Drone  
  14  0:30  Drone x2  
  16  0:43  Drone  
  17  0:52  Hatchery  
  17  0:54  Drone  
  17  0:58  Drone  
  18  1:06  Extractor  
  17  1:13  Spawning Pool  
  17  1:16  Drone  
  17  1:20  Drone  
  18  1:27  Drone  
  19  1:39  Drone  
  20  1:49  Overlord  
  20  2:00  Queen  
  22  2:03  Zergling x2, Queen  
  22  2:04  Drone  
  26  2:12  Metabolic Boost  
  26  2:13  Zergling x2  
  26  2:14  Drone  
  28  2:28  Drone x2  
  30  2:39  Queen  
  30  2:42  Zergling x2  
  33  2:52  Zergling x2, Queen  
  33  2:54  Overlord  
  36  2:59  Extractor  
  36  3:03  Zergling x2  
  36  3:06  Overlord  
  36  3:15  Extractor  
  36  3:18  Drone x7  
  43  3:22  Overlord  
  42  3:34  Drone x2  
  42  3:37  Queen  
  45  3:48  Hatchery  
  44  3:50  Drone x5  
  49  3:55  Queen  
  49  3:56  Overlord  
  49  3:58  Drone  
  52  4:05  Evolution Chamber  
  51  4:17  Drone x5  
  53  4:19  Queen  
  53  4:20  Drone x2  
  53  4:23  Spore Crawler  
  56  4:24  Spore Crawler  
  56  4:29  Drone  
  56  4:30  Drone x2  
  57  4:40  Zerg Melee Weapons Level 1  
  57  4:41  Drone x5  
  57  4:44  Extractor  
  61  4:45  Drone  
  61  4:46  Extractor  
  61  4:47  Extractor  
  61  4:49  Drone  
  61  4:51  Drone  
  61  4:52  Drone  
  63  4:54  Overlord  
  63  5:01  Lair  
  63  5:05  Spore Crawler  
  62  5:10  Drone x4  
  66  5:15  Zergling x2  
  66  5:16  Zergling x6  
  66  5:17  Zergling x2  
  71  5:21  Zergling x6  
  73  5:29  Zergling x2  
  72  5:39  Drone x2  
  73  5:50  Drone  
  73  5:52  Overlord x2  
  74  6:03  Hatchery  
  74  6:04  Drone  
  74  6:05  Overlord x2  
  74  6:07  Hatchery  
  74  6:09  Drone, Overlord  
  74  6:16  Drone x7  
  80  6:23  Infestation Pit  
  80  6:24  Hydralisk Den  
  78  6:26  Drone x4  
  78  6:29  Drone x2  
  78  6:32  Drone x2  
  86  6:38  Zerg Melee Weapons Level 2  
  86  6:39  Zergling x6  
  89  6:43  Zergling x6  
  92  6:49  Zergling x6  
  92  6:52  Zergling x10  
  100  7:06  Zergling x12, Hatchery  
  100  7:08  Hive  
  104  7:11  Lurker Den  
  104  7:14  Extractor  
  104  7:15  Extractor  
  101  7:18  Zergling x12  
  107  7:27  Drone x9  
  116  7:35  Drone  
  116  7:36  Drone  
  120  7:42  Muscular Augments  
  120  7:43  Drone x2  
  120  7:44  Overlord  
  120  7:45  Overlord x4  
  119  7:53  Overlord x2  
  119  7:54  Overlord x2  
  119  8:05  Zergling x20  
  126  8:07  Zergling x2  
  125  8:15  Zergling x12  
  129  8:20  Zergling x6  
  129  8:26  Seismic Spines  
  131  8:27  Hydralisk x3  
  131  8:29  Hatchery  
  131  8:33  Hydralisk x3  
  134  8:53  Hydralisk  
  134  8:54  Zergling x14, Hydralisk x3  
  136  8:56  Lurker x3  
  136  8:58  Adrenal Glands, Zerg Melee Weapons Level 3  
  136  9:01  Lurker x3  
  142  9:09  Zergling x12  
  148  9:12  Zergling x14  
  155  9:22  Zergling x10  
  138  9:32  Lurker x4  
  138  9:34  Zergling x8  
  138  9:36  Adaptive Talons  
  144  9:42  Hydralisk x4  
  150  9:45  Hatchery  
  150  9:48  Zergling x8  
  150  9:52  Drone  
  134  10:07  Drone  
  134  10:08  Drone x12  
  134  10:09  Extractor, Grooved Spines  
  134  10:12  Extractor  
  142  10:15  Lurker x4  
  144  10:26  Hydralisk x5  
  152  10:34  Zergling x2  
  152  10:35  Zergling x6  
  156  10:49  Overseer  
  156  10:50  Hydralisk  
  156  10:51  Zergling x10, Hydralisk x3  
  166  10:57  Hydralisk x4  
  169  11:11  Lurker  
  165  11:13  Drone x6  
  165  11:14  Extractor, Hatchery  
  165  11:16  Extractor  
  150  11:27  Lurker x5  
  150  11:28  Lurker x2  
  153  11:35  Zergling x28  
  153  11:36  Zerg Missile Weapons Level 1  
  158  11:41  Lurker x2  
  158  11:43  Zergling x4  
  156  11:58  Hydralisk x7  
  156  11:59  Zergling x6  
  165  12:06  Hydralisk x3  
  165  12:07  Zergling x2  
  172  12:11  Overseer  
  172  12:20  Hatchery x2  
  172  12:22  Extractor x2  
  150  12:47  Hydralisk x4  
  150  12:48  Zergling x36  
  159  12:55  Zergling x2, Lurker x7  
  159  12:56  Zergling x2  
  167  12:59  Drone x2  
  167  13:04  Lurker  
  170  13:08  Hydralisk x5  
  170  13:11  Zergling x2  
  170  13:12  Zergling x6  
  183  13:29  Lurker  
  183  13:30  Overlord x2  
  181  13:42  Zergling x16  

Tags
 
Add a new tag
Caveats
  • Supply blocks, unpowered buildings, or Contaminate may cause inaccurate times.
  • Supply counts are checked every 10 seconds.